 Dungeon Crawl Stone Soup version 0.23-a0-175-g97aacdb306 (webtiles) character file.

50 PikkenKukken the Skirmisher (level 3, 0/29 HPs)
             Began as a Demonspawn Fighter on Sept 17, 2018.
             Slain by a worm (7 damage)
             ... on level 2 of the Dungeon.
             The game lasted 00:01:49 (1120 turns).

PikkenKukken the Skirmisher (Demonspawn Fighter)    Turns: 1120, Time: 00:01:49

Health: 0/29       AC:  7    Str: 22    XL:     3   Next: 55%
Magic:  3/3        EV:  7    Int:  9    God:
Gold:   70         SH:  9    Dex: 12    Spells: 2/2 levels left

rFire    . . .     SeeInvis .   a - +1 long sword
rCold    . . .     Gourm    .   c - +0 shield
rNeg     . . .     Faith    .   b - +0 scale mail
rPois    .         Spirit   .   (no helmet)
rElec    .         Reflect  .   (no cloak)
rCorr    .         Harm     .   j - +0 pair of gloves
MR       .....                  (no boots)
Stlth    ..........             (no amulet)
HPRegen  0.09/turn              (no ring)
MPRegen  0.08/turn              (no ring)

@: mighty, lethally poisoned (0 -> -3)
A: rot immunity, sturdy frame 1
a: no special abilities


You were on level 2 of the Dungeon.
You were not hungry.

You visited 1 branch of the dungeon, and saw 2 of its levels.

You collected 70 gold pieces.

Inventory:

Hand Weapons
 a - a +1 long sword (weapon)
Armour
 b - a +0 scale mail (worn)
 c - a +0 shield (worn)
 j - a +0 pair of gloves (worn)
Jewellery
 i - a cursed amulet of inaccuracy {unknown}
 o - a +3 ring of protection {unknown}
 p - an uncursed amulet of guardian spirit {unknown}
Scrolls
 h - 2 scrolls of fear
 k - a scroll of enchant weapon
 n - a scroll of teleportation
Potions
 d - a potion of might
 e - 2 potions of agility {unknown}
 l - 2 potions of berserk rage {unknown}
 m - a potion of degeneration {unknown}
Comestibles
 f - 2 rations
 g - 5 chunks of flesh


   Skills:
 + Level 3.3 Fighting
 * Level 2.6 Long Blades
 + Level 3.0 Armour
 + Level 3.0 Shields


You had 2 spell levels left.
You didn't know any spells.
Your spell library was empty.

Dungeon Overview and Level Annotations

Branches:
Dungeon (2/15)

Altars:


Innate Abilities, Weirdness & Mutations

You are immune to rotting.
Your movements are slightly less encumbered by armour. (ER -2)


Message History

You closely miss the adder. You block the adder's attack. x2
You slash the adder!
You kill the adder!
You feel sick.
The frilled lizard bites you but does no damage.
You miss the frilled lizard.
You feel sick. The frilled lizard bites you.
* * * LOW HITPOINT WARNING * * *
You slash the frilled lizard!
You kill the frilled lizard!
You feel sick.
You hit the worm.
The worm is lightly wounded.
You block the worm's attack.
You barely miss the worm.
The worm is lightly wounded.
You feel sick.
You hit the worm.
The worm is moderately wounded.
The worm bites you!
You die...

#.......# ######.##..
##..>...##..
#..###..##.# #..#
#..##.# #..###..##..
#.......##..
##########.####..###.
#.†w@......####..# #.
#...########.......###.
#..# ######...... #..
#..#### . #..####
#.....# ##..... #..#.#
#.....


You could see a worm.

Vanquished Creatures
  2 adders (D:2)
  An ooze (D:1)
  3 bats (D:1)
  2 giant cockroaches
  4 goblins
  3 hobgoblins (D:1)
  4 jackals
  A ball python (D:2)
  3 frilled lizards
  2 kobolds
  A rat (D:2)
26 creatures vanquished.

Notes
Turn   | Place    | Note
-------+----------+-------------------------------------------
     0 | D:1      | PikkenKukken the Demonspawn Fighter began the quest for the
                  | Orb.
     0 | D:1      | Reached XP level 1. HP: 18/18 MP: 1/1
   287 | D:1      | Gained mutation: You are immune to rotting. [demonic
                  | ancestry]
   287 | D:1      | Reached XP level 2. HP: 21/24 MP: 2/2
   950 | D:2      | Gained mutation: Your movements are slightly less
                  | encumbered by armour. (ER -2) [demonic ancestry]
   950 | D:2      | Reached XP level 3. HP: 29/29 MP: 3/3
  1120 | D:2      | Slain by a worm

Vault maps used:
D:1:      minmay_arrival_four_circles, minmay_misc_feat_columns
D:2:      minmay_diamond_boxcup, lightli_temple_of_fire

Skill      XL: |  1  2  3 |
---------------+----------+-----
Long Blades    | 2 |  2.6
Armour         | 3 |  3.0
Shields        | 3 |  3.0
Fighting       | |  3.3

Action                   || total
-------------------------++-------
Melee: Long sword        ||   105
  Use: Scroll            ||     6
       Potion            ||     1
  Eat: Chunk             ||     1
Armor: Scale mail        ||    58
Dodge: Dodged            ||    20
Block: Shield            ||    54
       Rpst.: Long sword ||     7

Table legend:
 A = Non-vault XP
 B = Vault XP
 C = Vault XP percentage of total XP
 D = Non-vault monster count
 E = Vault monster count
 F = Vault count percentage of total count
                 A         B        C        D         E       F
            +---------+---------+-------+---------+---------+-------
      Total |      44 |      28 |  38.9 |      23 |       3 |  11.5
            +---------+---------+-------+---------+---------+-------
        D:1 |      34 |       0 |   0.0 |      16 |       0 |   0.0
        D:2 |      10 |      28 |  73.7 |       7 |       3 |  30.0
            +---------+---------+-------+---------+---------+-------
